 Dungeon Crawl Stone Soup version 0.30.1-1-g62c8e00024 (webtiles) character file.

Game seed: 10630071866388051766

1266 Pepete the Thaumaturge (level 8, 0/41 HPs)
             Began as a Deep Elf Fire Elementalist on July 14, 2023.
             Was an Initiate of Vehumet.
             Engulfed by a steam dragon's steam (12 damage)
             ... on level 6 of the Dungeon.
             The game lasted 00:11:15 (13319 turns).

Pepete the Thaumaturge (DEFE)                      Turns: 13319, Time: 00:11:15

Health: 0/41       AC:  4    Str:  5    XL:     8   Next: 27%
Magic:  21/24      EV: 12    Int: 23    God:    Vehumet [......]
Gold:   123        SH:  0    Dex: 15    Spells: 15/28 levels left

rFire   . . .        (no weapon)
rCold   . . .        (no shield)
rNeg    . . .        l - +0 robe
rPois   .            d - +1 helmet
rElec   .            (no cloak)
rCorr   .            (no gloves)
SInv    .            (no boots)
Will    .....        (no amulet)
Stlth   ++           (no ring)
HPRegen 0.26/turn    (no ring)
MPRegen 0.19/turn

%: no passive effects
@: brilliant
A: no striking features
a: Renounce Religion


You were on level 6 of the Dungeon.
You worshipped Vehumet.
Vehumet was noncommittal.
You visited 2 branches of the dungeon, and saw 7 of its levels.

You collected 326 gold pieces.
You spent 203 gold pieces at shops.

Inventory:

Hand Weapons
 c - a +0 triple sword
Missiles
 a - a throwing net
 v - 2 poisoned darts
Armour
 d - a +1 helmet (worn)
 l - a +0 robe (worn)
 p - a +0 robe
Jewellery
 g - a +4 ring of slaying
 k - a ring of poison resistance
Wands
 n - a wand of quicksilver (14)
 y - a wand of roots (6)
Scrolls
 e - 3 scrolls of amnesia
 f - 2 scrolls of fear
 j - a scroll of vulnerability
 m - 3 scrolls of magic mapping
 o - a scroll of noise
 r - a scroll of enchant armour
 t - 2 scrolls of immolation
 u - 5 scrolls of teleportation
 x - a scroll of enchant weapon {unknown}
Potions
 b - a potion of magic
 h - 3 potions of curing {unknown}
 i - 2 potions of attraction {unknown}
 q - a potion of brilliance
 s - a potion of might
 w - a potion of ambrosia
 z - a potion of haste {unknown}
 A - a potion of heal wounds {unknown}
 B - a potion of resistance {unknown}


   Skills:
 - Level 2.4 Dodging
 - Level 2.4 Stealth
 - Level 10.5 Spellcasting
 * Level 5.4 Conjurations
 - Level 5.3 Fire Magic


You had 15 spell levels left.
You knew the following spells:

 Your Spells              Type           Power      Damage    Failure   Level
a - Foxfire               Conj/Fire      100%       2x1d9     1%          1
b - Scorch                Fire           100%       2d9       1%          2
c - Volatile Blastmotes   Fire/Tloc      72%        2d16      5%          3
d - Flame Wave            Conj/Fire      53%        2d13      6%          4
e - Summon Guardian Gole  Hex/Summ       18%        N/A       16%         3

Your spell library contained the following spells:

 Spells                   Type           Power      Damage    Failure   Level
 Summon Small Mammal      Summ           72%        N/A       5%          1
 Inner Flame              Hex/Fire       36%        N/A       5%          3
 Call Canine Familiar     Summ           18%        N/A       16%         3
 Portal Projectile        Hex/Tloc       36%        N/A       16%         3
 Leda's Liquefaction      Hex/Erth       9%         N/A       47%         4


Dungeon Overview and Level Annotations

Branches:
Dungeon (6/15)             Temple (1/1) D:4

Altars:
Ashenzari
Dithmenos
Elyvilon
Fedhas
Gozag
Hepliaklqana
Kikubaaqudgha
Makhleb
Nemelex Xobeh
Okawaru
Qazlal
Ru
Sif Muna
Trog
Uskayaw
Vehumet
Wu Jian
Xom
Yredelemnul
Zin

Shops:
D:3 ?   D:5 [

Annotations:
D:6 Blork the orc


Message History

There is a stone staircase leading down here.
You climb downwards.
The steam dragon hisses angrily.
You hear a shout! x3
Found two slings, a brown potion and a scroll of identify.
Found two stone staircases leading down.
There is a stone staircase leading up here.
There are monsters nearby!
You feel clever all of a sudden.
You feel a surge of power!
You conjure some foxfire!
Blork the orc shouts!
A hound comes into view.
Blork the orc mumbles some strange words.
Blork the orc seems to speed up.
You hear a shout!
You feel a surge of power!
You conjure some foxfire!
The foxfire hits the steam dragon!
The steam dragon is moderately wounded.
The foxfire hits the steam dragon.
The steam dragon is moderately wounded.
Blork the orc screams, "I'm much stronger than you!"
The steam dragon breathes steam at you. The ball of steam misses you.
You hear a shout!
You hear an angry hiss.
You feel a surge of power!
You conjure some foxfire!
You are engulfed in a cloud of scalding steam.
The foxfire hits the steam dragon.
The steam dragon is heavily wounded.
The foxfire hits the steam dragon but does no damage.
The steam dragon is heavily wounded.
Blork the orc gestures at you while chanting.
The puff of frost hits you. The steam dragon breathes steam at you.
The ball of steam hits your foxfire.
Your foxfire resists.
The ball of steam hits you!!
* * * LOW HITPOINT WARNING * * *
The ball of steam hits your foxfire.
Your foxfire resists.
You are engulfed in a cloud of scalding steam.
You die...

.... ... ...
... ####.. ..>.
##..#..###.....
.......§.#.....
>......§.....#
..o...§v...#
....h§§@..)#
....!§§v......#
....##.....##..
.?. #.D...# .
......#
..).....
.#.......
.###....###


You could see Blork the orc (fast), a steam dragon (catching breath, ally
target) and a hound.

Vanquished Creatures
  Sigmund (D:2)
  Menkaure (D:4)
  A black bear (D:5)
  An ice beast (D:5)
  2 phantoms (D:5)
  4 scorpions
  2 hounds
  A jelly (D:5)
  6 iguanas
  2 orc wizards (D:3)
  6 adders
  2 worms (D:3)
  A dart slug (D:1)
  3 orcs
  8 endoplasms
  5 giant cockroaches (D:1)
  7 goblins
  11 hobgoblins
  4 jackals (D:5)
  11 kobolds
  3 quokkas
  7 ball pythons
  5 bats
  3 frilled lizards
  8 rats
105 creatures vanquished.

Vanquished Creatures (others)
  476 foxfires
476 creatures vanquished.

Grand Total: 581 creatures vanquished

Notes
Turn   | Place    | Note
-------+----------+-------------------------------------------
     0 | D:1      | Pepete the Deep Elf Fire Elementalist began the quest for
                  | the Orb.
     0 | D:1      | Reached XP level 1. HP: 10/10 MP: 6/6
  1077 | D:1      | Reached XP level 2. HP: 15/15 MP: 4/8
  3112 | D:1      | Learned a level 2 spell: Scorch
  3113 | D:1      | Reached XP level 3. HP: 19/19 MP: 5/10
  3907 | D:2      | Reached skill level 4 in Spellcasting
  3971 | D:2      | Reached XP level 4. HP: 14/24 MP: 1/12
  4442 | D:2      | Noticed Sigmund
  4446 | D:2      | Killed Sigmund
  4447 | D:2      | Reached skill level 5 in Spellcasting
  4447 | D:2      | Reached skill level 5 in Fire Magic
  4447 | D:2      | Reached XP level 5. HP: 28/28 MP: 7/14
  5040 | D:2      | You fall into a shaft and drop 2 floors!
  5079 | D:4      | Reached XP level 6. HP: 10/32 MP: 8/16
  7678 | D:3      | Reached skill level 6 in Spellcasting
  8724 | D:3      | Found Tadio's Magic Scroll Shop.
  8732 | D:3      | Bought a scroll of identify for 22 gold pieces
  8732 | D:3      | Bought a scroll of teleportation for 33 gold pieces
  8732 | D:3      | Bought a scroll of identify for 22 gold pieces
  8732 | D:3      | Bought a scroll of identify for 22 gold pieces
  8732 | D:3      | Bought a scroll of magic mapping for 82 gold pieces
  8732 | D:3      | Bought a scroll of identify for 22 gold pieces
  9251 | D:4      | Found a staircase to the Ecumenical Temple.
  9270 | Temple   | Entered the Ecumenical Temple
  9667 | Temple   | Became a worshipper of Vehumet
  9828 | D:4      | Reached skill level 7 in Spellcasting
 10001 | D:4      | Noticed Menkaure
 10006 | D:4      | Killed Menkaure
 10007 | D:4      | Reached XP level 7. HP: 36/36 MP: 13/20
 10046 | D:4      | Reached skill level 8 in Spellcasting
 10394 | D:5      | Entered Level 5 of the Dungeon
 10816 | D:5      | Learned a level 3 spell: Volatile Blastmotes
 10821 | D:5      | Learned a level 4 spell: Flame Wave
 10825 | D:5      | Learned a level 3 spell: Summon Guardian Golem
 10862 | D:5      | Reached skill level 9 in Spellcasting
 12258 | D:5      | Reached skill level 10 in Spellcasting
 12523 | D:5      | Found Losus's Armour Shoppe.
 12542 | D:5      | Reached XP level 8. HP: 41/41 MP: 11/24
 13018 | D:5      | Reached skill level 5 in Conjurations
 13314 | D:6      | Noticed Blork the orc
 13319 | D:6      | Engulfed by a steam dragon's steam

Illustrated notes

Levels and vault maps discovered:
D:1:      saegor_arrival_simple_e, layout_loops_ring
D:2:      layout_loops_cross, minivault_11, uniq_sigmund
D:3:      layout_loops_ring, serial_shops, shop
D:4:      layout_loops_cross, minmay_temple_entry_offerings,
          minmay_fractal_squares_gapless_5, uniq_menkaure
D:5:      layout_basic, serial_shops, nicolae_square_shop,
          nicolae_kite_square_tiling_tiny,
          nicolae_concentric_dashed_squares_wild
D:6:      layout_cave_pools, gammafunk_temple_overflow_wave, uniq_maggie,
          uniq_blork_the_orc, uniq_duvessa, uniq_grinder
Temple:   mainiacjoe_temple_big_plus

Skill      XL: |  1  2  3  4  5  6  7  8 |
---------------+-------------------------+-----
Conjurations   | 2 3 4 5 |  5.4
Fire Magic     | 4 5 |  5.3
Spellcasting   | 4 5 7 10 | 10.5
Dodging        | |  2.4
Stealth        | |  2.4

Action                     |  1- 3 |  4- 6 |  7- 9 || total
---------------------------+-------+-------+-------++-------
   Cast: Foxfire           |   112 |   117 |    82 ||   311
         Scorch            |     8 |    25 |    18 ||    51
         Volatile Blastmot |       |       |     2 ||     2
    Use: Scroll            |       |     9 |       ||     9
         Potion            |       |       |     1 ||     1
 Armour: Robe              |     4 |     4 |     4 ||    12
  Dodge: Dodged            |     9 |    10 |     5 ||    24
